Map: Tropical Sacrifice

Players

Exterminator - Winner!

  • Race: Terran Terran
  • League: Silver
  • Spawn Location: 7:00

batdarkside

  • Race: Terran Terran
  • League: Silver
  • Spawn Location: 1:00

VOD

Have the link to the VOD?

Description

Time

  • Played on: Oct. 26, 2022, 11:59 p.m.
  • Length: 18:01
Show
View Real Time Build Order
Export as new Build Order

Exterminator Terran - Winner!

Build Orders: 1/1/1 

Get SALT Encoding   

  12  0:00  SCV  
  13  0:12  SCV  
  14  0:19  Supply Depot  
  14  0:24  SCV  
  15  0:32  Refinery  
  15  0:44  Barracks  
  15  0:48  SCV  
  16  0:56  Refinery  
  16  1:00  SCV  
  17  1:12  SCV  
  18  1:24  SCV  
  19  1:32  Factory  
  19  1:33  Marine  
  20  1:44  Supply Depot  
  20  1:46  SCV  
  21  1:58  Marine  
  21  1:59  SCV  
  23  2:11  SCV  
  24  2:19  Factory Tech Lab, Starport  
  24  2:23  SCV  
  24  2:27  Marine  
  26  2:35  SCV  
  27  2:41  Siege Tank  
  30  2:48  Supply Depot  
  30  2:51  Marine  
  31  3:01  Fusion Core  
  31  3:12  Orbital Command  
  31  3:20  Marine  
  31  3:21  Starport Tech Lab  
  32  3:40  Marine  
  33  3:49  Battlecruiser  
  39  3:57  Supply Depot  
  39  4:18  SCV, Marine  
  41  4:32  SCV  
  41  4:36  Marine  
  41  4:38  Cyclone  
  46  4:44  SCV  
  47  5:02  Engineering Bay  
  47  5:31  Supply Depot  
  47  5:52  Cyclone, Marine  
  51  6:30  Cyclone  
  54  6:33  SCV  
  55  6:45  Command Center  
  55  6:46  Supply Depot  
  55  6:50  Supply Depot  
  55  7:06  Barracks Tech Lab  
  55  7:08  SCV, Battlecruiser  
  62  7:14  Factory  
  62  7:15  Siege Tank  
  65  7:32  Barracks x2  
  65  7:38  Marine  
  65  7:39  Combat Shield  
  65  7:42  SCV  
  67  7:56  Refinery, Marine  
  68  7:59  Siege Tank  
  68  8:00  Factory Tech Lab  
  68  8:01  Refinery  
  68  8:02  SCV  
  72  8:10  Orbital Command  
  72  8:14  SCV  
  72  8:16  Battlecruiser  
  79  8:25  Supply Depot  
  79  8:27  SCV  
  80  8:55  Barracks Reactor  
  80  8:56  SCV x2  
  80  8:57  Barracks Reactor  
  80  9:02  Cyclone x2  
  88  9:08  SCV  
  89  9:10  Missile Turret  
  89  9:11  Missile Turret  
  89  9:14  Missile Turret  
  89  9:17  Missile Turret  
  66  10:27  Battlecruiser  
  66  10:28  Cyclone x2  
  69  10:31  Marine x2  
  69  10:32  Marine x2  
  69  10:34  Marine  
  74  10:37  Stimpack  
  74  10:45  Starport  
  74  10:48  Missile Turret  
  74  10:51  Missile Turret x2  
  74  10:52  Missile Turret  
  74  11:18  Barracks  
  74  11:24  Barracks  
  74  11:39  Command Center  
  74  11:52  Weapon Refit  
  57  12:55  Cyclone  
  57  12:56  Cyclone  
  57  12:58  Starport Reactor  
  63  12:59  Battlecruiser  
  69  13:08  Barracks Reactor  
  69  13:09  Barracks Reactor  
  69  13:12  Marine x2  
  69  13:13  Marine x3  
  69  13:15  SCV x2  
  76  13:20  Orbital Command  
  76  13:27  SCV  
  76  13:28  SCV  
  78  13:35  Marine  
  78  13:36  Marine x4  
  78  13:39  Cyclone x2  
  89  13:44  Viking x2  
  89  13:46  SCV  
  89  13:47  SCV x2  
  96  13:53  Marine  
  96  13:55  Terran Infantry Weapons Level 1  
  97  13:58  SCV  
  97  13:59  SCV x2, Armory  
  100  14:06  Supply Depot x2  
  100  14:10  SCV  
  100  14:11  SCV x2  
  100  14:13  Cyclone  
  100  14:14  Cyclone  
  109  14:17  Refinery  
  109  14:19  Refinery  
  109  14:27  Viking x2, Marine x3  
  109  14:28  SCV  
  117  14:35  SCV x2  
  119  14:40  SCV  
  120  14:47  SCV x2  
  120  14:52  SCV  
  123  14:59  SCV x2  
  125  15:34  Viking, SCV  
  125  15:37  Viking  
Show
View Real Time Build Order
Export as new Build Order

batdarkside Terran 

Build Orders:  

Get SALT Encoding   

  12  0:10  Supply Depot  
  12  0:13  SCV  
  13  0:25  SCV  
  14  0:37  SCV  
  14  0:39  Barracks  
  15  0:47  Supply Depot  
  15  0:50  SCV  
  16  1:02  SCV  
  17  1:08  Refinery  
  17  1:13  Refinery  
  17  1:15  SCV  
  18  1:26  Engineering Bay  
  18  1:32  Supply Depot  
  18  1:44  Orbital Command  
  18  1:52  Marine  
  19  2:10  Marine  
  19  2:14  Factory  
  20  2:28  SCV  
  21  2:40  SCV  
  22  2:52  SCV  
  23  3:00  Factory Tech Lab  
  23  3:01  Missile Turret  
  23  3:04  SCV  
  24  3:13  Supply Depot  
  24  3:24  Starport  
  24  3:25  Starport  
  24  3:29  Widow Mine  
  26  3:37  Supply Depot  
  26  3:50  Siege Tank  
  29  4:08  Starport Tech Lab x2  
  29  4:14  Fusion Core  
  29  4:22  Widow Mine  
  23  5:14  Viking x2, Missile Turret  
  23  5:24  Missile Turret x2  
  23  5:27  Missile Turret  
  22  5:44  Viking x2  
  24  6:24  SCV  
  23  6:43  SCV  
  24  6:55  SCV  
  24  7:00  Missile Turret  
  25  7:08  SCV  
  26  7:16  Missile Turret  
  26  7:18  Missile Turret  
  26  7:20  SCV  
  27  7:41  Battlecruiser  
  33  7:50  SCV  
  34  8:16  Battlecruiser  
  34  8:19  SCV  
  41  8:31  SCV  
  42  9:01  Battlecruiser  
  48  9:10  Command Center  
  47  9:37  Siege Tank  
  34  10:37  Command Center  
  34  10:46  Barracks  
  34  10:55  Battlecruiser  
  39  10:59  Supply Depot  
  39  11:29  Weapon Refit  
  39  11:30  Supply Depot  
  39  11:36  Command Center  
  39  11:39  Refinery  
  38  11:56  Supply Depot  
  24  13:05  SCV  
  25  13:09  Refinery  
  25  13:13  Widow Mine  
  25  13:17  SCV  
  28  13:29  SCV  
  29  13:34  Widow Mine  
  29  13:36  Refinery  
  31  13:41  SCV  
  32  13:53  SCV  
  33  14:05  SCV  
  33  14:09  Battlecruiser  
  40  14:18  SCV  
  41  14:24  Factory Reactor  
  41  14:30  SCV  
  42  14:42  SCV  
  43  14:54  SCV  
  44  15:02  Widow Mine x2  
  44  15:06  SCV  
  49  15:18  SCV  
  48  15:23  Widow Mine x2  
  52  15:30  SCV  
  52  15:31  Viking x2  
  14  16:18  Missile Turret  
  14  16:19  Missile Turret  
  14  16:25  Supply Depot  
  14  16:27  Supply Depot  
  14  16:38  Missile Turret  
  14  16:39  Missile Turret  
  14  16:56  Missile Turret  
  14  16:58  Missile Turret  
  14  17:08  SCV  
  15  17:21  SCV  
  10  17:46  SCV  
Tags
 
Matchup
TvT
Opening
1/1/1
Race
Terran
Spawn Locations
Cross Positions
Add a new tag
Caveats
  • Supply blocks, unpowered buildings, or Contaminate may cause inaccurate times.
  • Supply counts are checked every 10 seconds.